 Dungeon Crawl Stone Soup version 0.31-a0-431-g88bdf31460 (webtiles) character file.

Game seed: 13463795567696443031

8 holysushi the Cutter (level 2, 24/24 HPs)
             Began as a Demonspawn Berserker on July 31, 2023.
             Was a Follower of Trog.
             Quit the game on level 1 of the Dungeon.
             The game lasted 00:00:15 (265 turns).

holysushi the Cutter (Demonspawn Berserker)          Turns: 265, Time: 00:00:15

Health: 24/24      AC:  4    Str: 17    XL:     2   Next: 0%
Magic:  2/2        EV: 12    Int:  8    God:    Trog [*.....]
Gold:   42         SH:  0    Dex: 12    Spells: 1/1 levels left

rFire   . . .        a - +0 short sword
rCold   . . .        (no shield)
rNeg    . . .        b - +0 animal skin
rPois   .            (no helmet)
rElec   .            (no cloak)
rCorr   .            (no gloves)
SInv    .            (no boots)
Will    .....        (no amulet)
Stlth   +            (no ring)
HPRegen 0.24/turn    (no ring)
MPRegen 0.08/turn

%: no passive effects
@: no status effects
A: icy blue scales 1
a: Renounce Religion, Berserk


You were on level 1 of the Dungeon.
You worshipped Trog.
Trog was aware of your devotion.
You visited 1 branch of the dungeon, and saw 1 of its levels.

You collected 42 gold pieces.

Inventory:

Hand Weapons
 a - a +0 short sword (weapon)
Armour
 b - a +0 animal skin (worn)
Scrolls
 c - a scroll of identify {unknown}
 d - a scroll of teleportation {unknown}


   Skills:
 - Level 3.0 Fighting
 + Level 3.2 Short Blades
 - Level 1.7 Armour
 - Level 1.7 Dodging


You had one spell level left.
You didn't know any spells.
Your spell library was empty.

Dungeon Overview and Level Annotations

Branches:
Dungeon (1/15) Zot: 5736

Altars:


Innate Abilities, Weirdness & Mutations

You are partially covered in icy blue scales. (AC +2)


Message History

Trog accepts your kill.
No target in view!
No target in view!
HP restored.
You now have 28 gold pieces (gained 6).
d - a scroll labelled JOIRUC ADGHOEMO No target in view!
You now have 32 gold pieces (gained 4).
A bat comes into view.
The bat hits you but does no damage. The bat misses you.
You hit the bat.
You kill the bat!
Trog accepts your kill.
You see here a bat corpse.
A rat comes into view.
Found 10 gold pieces.
A rat is nearby!
A rat is nearby!
A rat is nearby!
The helpless rat fails to defend itself.
You puncture the rat!
You kill the rat!
Trog accepts your kill.
No target in view!
You now have 42 gold pieces (gained 10).
No target in view!
You see here 2 stones.
A bat comes into view.
A bat is nearby!
A bat is nearby!
A bat is nearby!
The bat closely misses you. The bat hits you but does no damage.
A bat is nearby!
You hit the bat.
You kill the bat!
Trog accepts your kill.
You have reached level 2!
Your demonic ancestry asserts itself...
Icy blue scales grow over part of your body.
Are you sure you want to abandon this character and quit the game? (Confirm with "yes".)

#..#
...~..~~~..~..(##
#..#
..~....~....~..8####
....#..~..#.....#..#
..####...####....#.#
## ##.## ###..#.#
#..# #.###.# #.##
#.....> #######.#
#####.# #...@...#
#.# #.####### #.#
#.# #.# #.# #..


There were no monsters in sight!

Vanquished Creatures
  An endoplasm (D:1)
  5 bats (D:1)
  3 rats (D:1)
9 creatures vanquished.

Notes
Turn   | Place    | Note
-------+----------+-------------------------------------------
     0 | D:1      | holysushi the Demonspawn Berserker began the quest for the
                  | Orb.
     0 | D:1      | Reached XP level 1. HP: 18/18 MP: 1/1
   265 | D:1      | Gained mutation: You are partially covered in icy blue
                  | scales. (AC +2) [demonic ancestry]
   265 | D:1      | Reached XP level 2. HP: 24/24 MP: 2/2
   265 | D:1      | Quit the game

Illustrated notes

Levels and vault maps discovered:
D:1:      eino_arrival_water_star, layout_loops_ring,
          minmay_misc_feat_diagonals, serial_bayou_pond_d

Skill      XL: |  1 |
---------------+----+-----
Short Blades   | 3 |  3.2
Fighting       | |  3.0
Armour         | |  1.7
Dodging        | |  1.7

Action                     || total
---------------------------++-------
  Melee: Short sword       ||    33
         Punch             ||     1
   Stab: Sleeping          ||     1
 Armour: Animal skin       ||    17
  Dodge: Dodged            ||    38

Table legend: (Time is in decaauts)
 A = Elapsed time spent in this place.
 B = Non-inter-level travel time spent in this place.
 C = Inter-level travel time spent in this place.
 D = Time resting spent in this place.
 E = Time spent auto-exploring this place.
 F = Levels seen in this place.
 G = Mean time per level.
                   A        B        C        D        E       F      G
               +--------+--------+--------+--------+--------+-----+--------+
         Total |    263 |    263 |      0 |      0 |    191 |   1 |  263.0 |
       Dungeon |    263 |    263 |      0 |      0 |    191 |   1 |  263.0 |
               +--------+--------+--------+--------+--------+-----+--------+

Top non-repeatable levels by time:
     D:1: 263 daAuts
